 Dungeon Crawl Stone Soup version 0.21.1-1-g345015fe64 (webtiles) character file.

5733 McKennaii the Thaumaturge (level 10, -6/51 HPs)
             Began as a Deep Elf Ice Elementalist on June 5, 2018.
             Was an Elder of Sif Muna.
             Mangled by an unseen horror (9 damage)
             ... on level 10 of the Dungeon.
             The game lasted 00:45:25 (12092 turns).

McKennaii the Thaumaturge (DEIE)                   Turns: 12092, Time: 00:45:25

Health: -6/51      AC:  5    Str:  5    XL:     10   Next: 48%
Magic:  23/28      EV: 14    Int: 24    God:    Sif Muna [****..]
Gold:   675        SH:  0    Dex: 15    Spells: 16/33 levels left

rFire    + . .     SeeInvis .   N - +3 short sword
rCold    . . .     Gourm    .   (no shield)
rNeg     . . .     Faith    .   a - +0 robe
rPois    +         Spirit   .   (no helmet)
rElec    .         Reflect  .   Q - +1 cloak {MR+}
rCorr    .         Harm     .   (no gloves)
MR       ++...                  k - +0 pair of boots
Stlth    +++.......             O - amulet of magic regeneration
HPRegen  0.17/turn              A - ring of protection from fire
MPRegen  0.46/turn              e - ring of poison resistance

@: no status effects
A: no striking features
a: Divine Energy, Channel Magic, Forget Spell, Renounce Religion


You were on level 10 of the Dungeon.
You worshipped Sif Muna.
Sif Muna was greatly pleased with you.
You were not hungry.

You visited 2 branches of the dungeon, and saw 12 of its levels.

You collected 675 gold pieces.

Inventory:

Hand Weapons
 N - a +3 short sword (weapon)
Armour
 a - a +0 robe (worn)
 k - a +0 pair of boots (worn)
 B - a scarf of cloud immunity
 Q - a +1 cloak of magic resistance (worn)
Jewellery
 e - a ring of poison resistance (right hand)
 j - an uncursed ring of see invisible
 v - an uncursed amulet of rage
 w - a +4 ring of strength
 A - a ring of protection from fire (left hand)
 O - an amulet of magic regeneration (around neck)
Wands
 g - a wand of enslavement (8)
 o - a wand of acid (15)
 u - a wand of disintegration (18)
 D - a wand of flame (62)
 K - a wand of random effects (40)
 P - a wand of scattershot (1)
Scrolls
 d - 2 scrolls of fog {unknown}
 f - 7 scrolls of identify
 h - 7 scrolls of remove curse
 i - 2 scrolls of random uselessness {unknown}
 l - a scroll of teleportation
 p - a scroll of magic mapping {unknown}
 q - 2 scrolls of enchant weapon {unknown}
 s - 3 scrolls of blinking {unknown}
 t - 5 scrolls of noise {unknown}
 x - a scroll of summoning {unknown}
 y - 4 scrolls of amnesia {unknown}
 C - a scroll of immolation {unknown}
 F - 2 scrolls of enchant armour {unknown}
 J - 2 scrolls of silence {unknown}
 L - a scroll of acquirement {unknown}
Potions
 m - 2 potions of heal wounds
 n - 2 potions of cancellation
 z - 2 potions of lignification {unknown}
 E - a potion of flight {unknown}
 G - a potion of brilliance {unknown}
 H - a potion of berserk rage {unknown}
 I - a potion of agility {unknown}
 M - a potion of ambrosia {unknown}
Books
 b - a book of Frost

   Spells                             Type                      Level
   a - Freeze                         Ice                          1
   b - Throw Frost                    Conjuration/Ice              2
   c - Ozocubu's Armour               Charms/Ice                   3
   d - Throw Icicle                   Conjuration/Ice              4
   e - Summon Ice Beast               Ice/Summoning                4
 r - a book of Minor Magic

   Spells                             Type                      Level
   a - Magic Dart                     Conjuration                  1
   b - Blink                          Translocation                2
   c - Call Imp                       Summoning                    2
   d - Slow                           Hexes                        2
   e - Conjure Flame                  Conjuration/Fire             3
   f - Mephitic Cloud                 Conjuration/Poison/Air       3
Comestibles
 c - 8 rations


   Skills:
 + Level 0.5 Fighting
 + Level 1.3 Short Blades
 + Level 3.4 Dodging
 * Level 6.9 Stealth
 * Level 12.1 Spellcasting
 + Level 3.6 Conjurations
 * Level 4.8 Summonings
 * Level 5.5 Fire Magic
 * Level 9.8 Ice Magic


You had 16 spell levels left.
You knew the following spells:

 Your Spells              Type           Power        Failure   Level  Hunger
a - Freeze                Ice            ####         1%          1    None
b - Throw Frost           Conj/Ice       #####.       1%          2    None
c - Ozocubu's Armour      Chrm/Ice       #####...     1%          3    None
d - Summon Ice Beast      Ice/Summ       #####...     1%          4    None
e - Throw Icicle          Conj/Ice       #####...     2%          4    None
f - Conjure Flame         Conj/Fire      #####...     1%          3    None


Dungeon Overview and Level Annotations

Branches:
Dungeon (11/15)            Temple (1/1) D:4            Lair (0/6) D:9
    Orc (0/2) D:9

Altars:
Ashenzari
Cheibriados
Dithmenos
Elyvilon
Fedhas
Gozag
Hepliaklqana
Kikubaaqudgha
Makhleb
Nemelex Xobeh
Okawaru
Qazlal
Ru
Sif Muna
Trog
Uskayaw
Vehumet
Wu Jian
Xom
Yredelemnul
Zin
The Shining One

Annotations:
D:7 exclusion: oklob plant


Message History

Something barely misses your ice beast.
The wraith hits your ice beast but does no damage.
Your ice beast hits the wraith but does no damage.
Something hits your ice beast!
The wraith barely misses your ice beast.
Your ice beast hits the wraith but does no damage.
Something hits your ice beast. x2; Your ice beast barely misses something.
Something hits your ice beast but does no damage.
The wraith barely misses something.
Something hits your ice beast.
Your ice beast dies!
Casting: Summon Ice Beast
Confirm with . or Enter, or press ? or * to list all spells.
A chill wind blows around you. Something hits you.
The centaur warrior wields a shortbow.
The centaur warrior shoots an arrow.
The arrow hits you!
* * * LOW HITPOINT WARNING * * *
Something hits you!
You die...

#.........#.##.....#
#######'#####.#......#
........({....#......#
........(..####.c....#
############# #......#
.....###########.##=###
.....))...........#.#########
####.###########..#.#.......#
# #.# ........@.#.#..#.##.#
####.# #########.#.#.#.###.###
...#.# #.......Y#...#...#...#
##.#.# #.##########..#.#..#.#
##.#W# #.# #....#..#.# ##.#.#
#.# #.......#.# #.#.# #.#
####....#.# #.#.# #Y#
#........#
#.#.#.###.###########.########


You could see a centaur warrior and a friendly ice beast.

Vanquished Creatures
  An unseen horror (D:10)
  Psyche (D:10)
  A hippogriff (D:8)
  A water moccasin (D:6)
  3 orc warriors
  2 ogres
  2 sky beasts
  2 centaurs
  2 big kobolds
  Blork the orc (D:6)
  A bullfrog (D:9)
  2 scorpions
  3 electric eels (D:10)
  3 crimson imps
  2 jellies
  4 orc priests
  Crazy Yiuf (D:2)
  Jessica (D:2)
  Terence (D:1)
  Natasha (thrice) (D:2)
  7 orc wizards
  10 worker ants
  A howler monkey skeleton (D:8)
  11 adders
  A shadow imp (D:7)
  An ooze (D:4)
  An adder skeleton (D:6)
  5 worms
  2 dart slugs (D:1)
  5 leopard geckos
  35 orcs
  2 giant cockroaches
  11 goblins
  6 hobgoblins
  6 jackals
  5 quokkas
  6 bats
  2 frilled lizards
  8 kobolds
  22 rats
184 creatures vanquished.

Vanquished Creatures (collateral kills)
  A two-headed ogre (D:8)
  Urug (D:10)
  The ghost of Revguard the Covert, a novice OpAs (D:8)
  Maurice (D:10)
  Grinder (D:6)
  A hippogriff (D:8)
  Edmund (D:6)
  3 ice beasts
  A sky beast (D:10)
  4 orc warriors (D:9)
  2 phantoms
  A bullfrog (D:8)
  3 killer bees (D:8)
  2 howler monkeys (D:8)
  A crimson imp (D:8)
  A bullfrog zombie (D:10)
  A centaur zombie (D:9)
  An orc priest (D:9)
  2 hounds
  A bullfrog skeleton (D:6)
  2 orc wizards (D:9)
  A killer bee zombie (D:7)
  An adder (D:8)
  A howler monkey skeleton (D:8)
  A shadow imp (D:8)
  8 orcs
  2 jackals (D:8)
  A leopard gecko zombie (D:8)
47 creatures vanquished.

Vanquished Creatures (others)
  2 orc wizards (D:4)
  A gnoll (D:4)
  An adder (D:4)
  A dart slug (D:4)
  An orc (D:4)
  A bush (D:6)
7 creatures vanquished.

Grand Total: 238 creatures vanquished

Notes
Turn   | Place    | Note
-------+----------+-------------------------------------------
     0 | D:1      | McKennaii the Deep Elf Ice Elementalist began the quest for the Orb.
     0 | D:1      | Reached XP level 1. HP: 10/10 MP: 6/6
   161 | D:1      | Reached XP level 2. HP: 14/15 MP: 4/8
   170 | D:1      | Learned a level 2 spell: Throw Frost
   370 | D:1      | Found a shattered altar of Ashenzari.
   689 | D:2      | Noticed Terence
   867 | D:2      | Reached XP level 3. HP: 19/19 MP: 0/10
  1107 | D:1      | Killed Terence
  1107 | D:1      | Reached skill level 4 in Spellcasting
  1337 | D:2      | Reached XP level 4. HP: 24/24 MP: 7/12
  1436 | D:2      | Noticed Natasha
  1470 | D:2      | Killed Natasha
  1470 | D:2      | Reached skill level 5 in Spellcasting
  1615 | D:2      | Reached XP level 5. HP: 28/28 MP: 9/14
  1852 | D:2      | Noticed Natasha
  1858 | D:2      | Killed Natasha
  2021 | D:2      | Found a runed door.
  2138 | D:2      | Noticed Jessica
  2141 | D:2      | Killed Jessica
  2141 | D:2      | Reached skill level 5 in Ice Magic
  2190 | D:2      | Noticed Natasha
  2194 | D:2      | Killed Natasha
  2317 | D:2      | Noticed Crazy Yiuf
  2322 | D:2      | Killed Crazy Yiuf
  2322 | D:2      | Reached XP level 6. HP: 19/32 MP: 8/16
  2412 | D:3      | Reached skill level 6 in Spellcasting
  2462 | D:3      | Noticed a fire elemental
  2464 | D:3      | Found a stormy altar of Qazlal.
  2465 | D:3      | Noticed a water elemental
  2465 | D:3      | Noticed an air elemental
  2772 | D:3      | Learned a level 3 spell: Ozocubu's Armour
  2777 | D:3      | Learned a level 4 spell: Summon Ice Beast
  2782 | D:3      | Learned a level 4 spell: Throw Icicle
  3276 | D:4      | Noticed a sky beast
  3281 | D:4      | Killed a sky beast
  3350 | D:4      | Reached XP level 7. HP: 25/36 MP: 12/19
  3567 | D:4      | Found a burning altar of Makhleb.
  3602 | D:4      | Found a staircase to the Ecumenical Temple.
  3611 | Temple   | Entered the Ecumenical Temple
  3619 | Temple   | Became a worshipper of Sif Muna the Loreminder
  3775 | D:4      | Reached skill level 7 in Spellcasting
  3936 | D:4      | Found a shimmering altar of Xom.
  4130 | D:5      | Entered Level 5 of the Dungeon
  4198 | D:5      | Learned a level 3 spell: Conjure Flame
  4226 | D:5      | Reached skill level 1 in Summonings
  4974 | D:6      | Noticed Grinder
  5017 | D:6      | Killed Grinder
  5017 | D:6      | Reached skill level 8 in Spellcasting
  5228 | D:6      | Noticed Edmund
  5235 | D:6      | Reached skill level 1 in Fire Magic
  5243 | D:6      | Killed Edmund
  5243 | D:6      | Reached XP level 8. HP: 41/41 MP: 0/22
  5604 | D:6      | Noticed Blork the orc
  5634 | D:6      | Killed Blork the orc
  5634 | D:6      | Reached * piety under Sif Muna
  6078 | D:6      | Reached skill level 9 in Spellcasting
  6361 | D:7      | Reached skill level 1 in Short Blades
  6921 | D:7      | Reached skill level 5 in Stealth
  7110 | D:7      | Found a blossoming altar of Fedhas.
  7131 | D:7      | Noticed an oklob plant
  7320 | D:7      | Reached ** piety under Sif Muna
  7685 | D:8      | Reached XP level 9. HP: 46/46 MP: 15/24
  7715 | D:8      | Found an ancient bone altar of Kikubaaqudgha.
  7865 | D:8      | Reached skill level 10 in Spellcasting
  8026 | D:8      | Noticed Revguard's ghost (novice OpAs)
  8075 | D:8      | Killed Revguard's ghost
  8215 | D:8      | Noticed a two-headed ogre
  8234 | D:8      | Killed a two-headed ogre
  8307 | D:8      | Reached *** piety under Sif Muna
  8470 | D:8      | Found a radiant altar of Vehumet.
  8606 | D:8      | Found a blossoming altar of Fedhas.
  8990 | D:8      | Reached skill level 11 in Spellcasting
  9849 | D:9      | Found a staircase to the Lair.
 10234 | D:9      | Reached XP level 10. HP: 51/51 MP: 14/27
 10382 | D:9      | Found a staircase to the Orcish Mines.
 10636 | D:10     | Entered Level 10 of the Dungeon
 10842 | D:10     | Killed an unseen horror
 10842 | D:10     | Reached **** piety under Sif Muna
 10843 | D:10     | Reached skill level 5 in Fire Magic
 11225 | D:10     | Noticed Maurice
 11230 | D:10     | Killed Maurice
 11491 | D:10     | Noticed Psyche
 11495 | D:10     | Killed Psyche
 11495 | D:10     | Reached skill level 12 in Spellcasting
 11544 | D:10     | Noticed Urug
 11570 | D:10     | Killed Urug
 11715 | D:10     | Noticed a centaur warrior
 12092 | D:10     | Mangled by an unseen horror

Skill      XL: |  1  2  3  4  5  6  7  8  9 10 |
---------------+-------------------------------+-----
Ice Magic      | 4 5 6 7 9 |  9.8
Spellcasting   | 4 5 6 8 9 11 12 | 12.1
Stealth        | 3 4 5 6 |  6.9
Conjurations   | 2 3 |  3.6
Summonings     | 2 3 4 |  4.8
Fire Magic     | 1 2 4 5 |  5.5
Short Blades   | 1 |  1.3
Dodging        | 3 |  3.4
Fighting       | |  0.5

Action                   |  1- 3 |  4- 6 |  7- 9 | 10-12 || total
-------------------------+-------+-------+-------+-------++-------
Melee: Unarmed           |     5 |       |       |       ||     5
       Dagger            |    28 |     6 |     5 |       ||    39
       Short sword       |       |    23 |   151 |     7 ||   181
 Cast: Freeze            |    42 |    38 |    53 |    12 ||   145
       Throw Frost       |    17 |    54 |   205 |    43 ||   319
       Summon Ice Beast  |       |       |    50 |    17 ||    67
       Ozocubu's Armour  |       |       |     1 |       ||     1
       Throw Icicle      |       |       |     8 |     8 ||    16
       Conjure Flame     |       |       |     8 |     2 ||    10
Evoke: Wand              |       |       |     1 |       ||     1
  Use: Scroll            |       |       |     4 |     2 ||     6
       Potion            |       |       |     5 |       ||     5
 Stab: Sleeping          |     4 |     1 |     1 |     3 ||     9
       Distracted        |       |       |     2 |     1 ||     3
  Eat: Chunk             |     2 |     5 |    13 |     4 ||    24
       Ration            |       |       |     3 |     1 ||     4
Armor: Robe              |    11 |     8 |    45 |     3 ||    67
Dodge: Dodged            |    44 |    45 |   155 |    22 ||   266
